 Dungeon Crawl Stone Soup version 0.31-a0-795-g5eb97db20b (webtiles) character file.

Game seed: 13756900499625273608

5127 senseless the Martial Artist (level 10, -4/72 HPs)
             Began as an Octopode Shapeshifter on Sept 18, 2023.
             Was a Believer of Dithmenos.
             Slain by Grum
             ... wielding a +1 halberd of distortion
              (12 damage)
             ... on level 9 of the Dungeon.
             The game lasted 00:23:16 (8028 turns).

senseless the Martial Artist (OpSh)                 Turns: 8028, Time: 00:23:17

Health: -4/72      AC:  1    Str: 14    XL:     10   Next: 58%
Magic:  0/10       EV: 16    Int: 16    God:    Dithmenos [**....]
Gold:   587        SH:  0    Dex: 14    Spells: 9/9 levels left

rFire   . . .        r - +4 trident "Worchuix" {freeze, Stlth+}
rCold   . . .        (no shield)
rNeg    + . .        (helmet currently unavailable)
rPois   +            g - amulet of guardian spirit
rElec   .            k - ring of poison resistance
rCorr   .            l - ring of see invisible
SInv    +            n - ring of positive energy
Will    .....        p - +4 ring of slaying
Stlth   ++++         (no ring)
HPRegen 0.32/turn    (no ring)
MPRegen 0.12/turn    (no ring)
                     (no ring)

%: guardian spirit
@: beast-form, wreathed by umbra
A: beast (slay +4), almost no armour, amphibious, 8 rings, camouflage 1,
gelatinous body 1, (nimble swimmer 1), tentacles, tentacle spike 1, clever 1
a: Begin Untransformation, Renounce Religion, Shadow Step


You were on level 9 of the Dungeon.
You worshipped Dithmenos.
Dithmenos was pleased with you.
You were a hulking beast.
You visited 1 branch of the dungeon, and saw 9 of its levels.

You collected 587 gold pieces.

Inventory:

Hand Weapons
 d - a +2 mace of protection
 i - a +5 mace
 j - a +2 scythe of flaming
 o - a +3 dagger
 r - the +4 trident "Worchuix" (weapon) {freeze, Stlth+}
   (You found it on level 3 of the Dungeon)

   Stlth+:    It makes you more stealthy.
 u - a +3 dire flail
 v - a +2 long sword of flaming
 x - a +2 great sword
Jewellery
 g - an amulet of guardian spirit (around mantle)
 k - a ring of poison resistance (left tentacle)
 l - a ring of see invisible (right tentacle)
 m - an amulet of the acrobat
 n - a ring of positive energy (on tentacle)
 p - a +4 ring of slaying (on tentacle)
Talismans
 b - a beast talisman (active)
 c - a flux talisman
Wands
 w - a wand of flame (38) (quivered)
 y - a wand of quicksilver (14)
Scrolls
 e - 3 scrolls of identify
 f - 4 scrolls of teleportation
 t - a scroll of revelation {unknown}
 z - a scroll of noise {unknown}
Potions
 a - a potion of lignification
 h - a potion of haste
 q - 2 potions of mutation
 s - a potion of invisibility {unknown}


   Skills:
 + Level 7.7 Fighting
 + Level 7.9 Dodging
 + Level 8.3 Unarmed Combat
 + Level 7.7 Shapeshifting


You had 9 spell levels left.
You didn't know any spells.
Your spell library contained the following spells:

 Spells                   Type           Power      Damage    Failure   Level
 Necrotise                Necr           0%         1d4       26%         1
 Sandblast                Erth           0%         2d4       26%         1
 Passwall                 Tmut/Erth      0%         N/A       36%         2
 Stone Arrow              Conj/Erth      0%         3d7       58%         3
 Vampiric Draining        Necr           0%         2d6       58%         3
 Brom's Barrelling Bould  Conj/Erth      0%         2d3       94%         4
 Manifold Assault         Tloc           0%         N/A       94%         4
 Agony                    Necr           0%         N/A       100%        5
 Alistair's Intoxication  Tmut/Pois      0%         N/A       100%        5
 Borgnjor's Vile Clutch   Necr/Erth      0%         N/A       100%        5
 Dispersal                Tloc           0%         N/A       100%        6
 Eringya's Noxious Bog    Tmut/Pois      0%         4d6       100%        6
 Disjunction              Tloc           0%         N/A       100%        8


Dungeon Overview and Level Annotations

Branches:
Dungeon (9/15)             Temple (0/1) D:5
   Lair: D:8-11         Orc: D:9-12

Altars:
Dithmenos
Gozag
Uskayaw
Vehumet
Xom

Shops:
D:4 *   D:6 :   D:8 !

Annotations:
D:7 3 runed translucent doors, prygans's ghost, novice MiFi
D:9 Grum


Innate Abilities, Weirdness & Mutations

You are a hulking beast.
Your limbs bulge with bestial killing power. (Slay +4)
You cannot wear most types of armour.
You are amphibious.
You can wear up to eight rings at the same time.
Your skin changes colour to match your surroundings (Stealth+).
Your rubbery body absorbs attacks. (AC +1, EV +1)
((You are camouflaged when in or above water. (Stealth+)))
You have tentacles for arms and can constrict up to eight enemies at once.
One of your tentacles bears a spike.
Your mind is acute. (Int +4, Str/Dex -1)


Message History

You pierce the wolf, but do no damage.
You squeeze the wolf!
The wolf is heavily wounded.
The wolf barely misses you. The wolf completely misses you.
You puncture the wolf! You freeze the wolf.
You kill the wolf!
Dithmenos accepts your kill. Grum completely misses you.
You reach to attack!
You barely miss Grum.
Grum hits you from afar with a +1 halberd of distortion!!
You blink.
You reach to attack!
You puncture Grum! You freeze Grum.
Grum is heavily wounded.
Grum barely misses you.
You reach to attack!
You barely miss Grum.
Grum is heavily wounded.
Grum hits you from afar with a +1 halberd of distortion!!
Space warps horribly around you!!
* * * LOW HITPOINT WARNING * * *
Grum completely misses you.
You are too injured to fight recklessly!
Okay, then.
Reach: r) +4 trident "Worchuix" {freeze, Stlth+}
Press: ? - help, Dir - move target, f/p - Grum
Aim: Grum, wielding a +1 halberd of distortion and wearing a +0 animal skin (heavily wounded, umbra, about 25% to evade the +4 trident "Worchuix")
You reach to attack!
You hit Grum. You freeze Grum.
Grum is severely wounded.
Grum barely misses you.
Reach: r) +4 trident "Worchuix" {freeze, Stlth+}
Press: ? - help, Dir - move target, f/p - Grum
Aim: Grum, wielding a +1 halberd of distortion and wearing a +0 animal skin (severely wounded, umbra, about 25% to evade the +4 trident "Worchuix")
You reach to attack!
You hit Grum. You freeze Grum.
Grum is severely wounded.
Grum barely misses you.
Reach: r) +4 trident "Worchuix" {freeze, Stlth+}
Press: ? - help, Dir - move target, f/p - Grum
Aim: Grum, wielding a +1 halberd of distortion and wearing a +0 animal skin (severely wounded, umbra, about 25% to evade the +4 trident "Worchuix")
You reach to attack!
You hit Grum. You freeze Grum.
Grum is almost dead.
Grum hits you from afar with a +1 halberd of distortion!
You die...

#......'...
#......#....#
#......#....#.
#......#....'.
#......#....#
###......#....#
#.............#
#.#######.....#
#.).......g.h.#..
#.#.###.#.....'......
#.#.....#.##..#......
..#.._..#..#..###+###
#..#.....#..#...
#..#.###!#..#....
#..... .....#....
#..### ###..#.....
...#


You could see Grum.

Vanquished Creatures
  A gargoyle (D:9)
  Sigmund (D:2)
  A wyvern (D:7)
  3 yaks (D:9)
  A steam dragon (D:7)
  An acid dragon (D:9)
  4 water moccasins
  2 black bears
  2 ice beasts
  A sky beast (D:8)
  An orc warrior (D:8)
  The ghost of WhatIsLove the Chopper, an amateur HOMo (D:4)
  2 ogres
  2 wolves (D:9)
  2 centaurs
  3 bullfrogs
  2 kobold brigands (D:7)
  3 scorpions
  8 wights
  4 killer bees (D:9)
  2 howler monkeys
  A lava snake (D:7)
  4 hounds
  4 orc priests
  Jessica (D:2)
  14 orc wizards
  Terence (D:2)
  4 iguanas
  3 sleepcaps
  7 gnolls
  8 adders
  3 shadow imps (D:7)
  A white imp (D:6)
  An ufetubus (D:5)
  A worm (D:2)
  2 dart slugs
  18 orcs
  6 ball pythons
  2 bats
  7 endoplasms
  3 giant cockroaches
  9 goblins
  A hobgoblin (D:3)
  5 quokkas
  11 frilled lizards
  22 kobolds
  4 rats
190 creatures vanquished.

Notes
Turn   | Place    | Note
-------+----------+-------------------------------------------
     0 | D:1      | senseless the Octopode Shapeshifter began the quest for the
                  | Orb.
     0 | D:1      | Reached XP level 1. HP: 13/13 MP: 1/1
   127 | D:1      | Reached XP level 2. HP: 16/18 MP: 2/2
   867 | D:2      | Noticed Terence
   870 | D:2      | Reached XP level 3. HP: 23/23 MP: 3/3
   927 | D:2      | Noticed Sigmund
   932 | D:2      | Killed Sigmund
   933 | D:2      | Reached skill level 4 in Unarmed Combat
   933 | D:2      | Reached XP level 4. HP: 25/30 MP: 2/4
   933 | D:2      | Reached XP level 5. HP: 29/35 MP: 2/5
  1251 | D:2      | Killed Terence
  1323 | D:2      | Reached XP level 6. HP: 41/41 MP: 6/6
  1352 | D:2      | Noticed Jessica
  1361 | D:2      | Killed Jessica
  2192 | D:3      | Identified the +4 trident "Worchuix" {freeze, Stlth+}
  2319 | D:3      | Found a faded altar of an unknown god.
  2663 | D:4      | Found Nuopp's Assorted Antiques.
  2669 | D:4      | Reached XP level 7. HP: 37/46 MP: 5/7
  2933 | D:4      | Found a shimmering altar of Xom.
  2934 | D:4      | Found a shadowy altar of Dithmenos.
  3047 | D:4      | Became a worshipper of Dithmenos the Shadowed
  3050 | D:4      | Found a large runed translucent door.
  3057 | D:4      | Found a large runed translucent door.
  3058 | D:4      | Noticed WhatIsLove's ghost (amateur HOMo)
  3293 | D:5      | Entered Level 5 of the Dungeon
  3443 | D:5      | Found a staircase to the Ecumenical Temple.
  3463 | D:5      | Reached skill level 5 in Unarmed Combat
  3810 | D:5      | Reached skill level 5 in Shapeshifting
  3810 | D:5      | Reached XP level 8. HP: 54/54 MP: 8/8
  4417 | D:6      | Found Lilet's Book Shoppe.
  4571 | D:6      | Gained mutation: Your mind is acute. (Int +4, Str/Dex -1)
                  | [potion of mutation]
  4571 | D:6      | Gained mutation: One of your tentacles bears a spike.
                  | [potion of mutation]
  4577 | D:6      | Reached skill level 5 in Dodging
  4722 | D:6      | Reached skill level 5 in Fighting
  4850 | D:6      | Reached skill level 6 in Unarmed Combat
  4916 | D:6      | Reached * piety under Dithmenos
  4919 | D:6      | Reached XP level 9. HP: 55/61 MP: 9/9
  5182 | D:6      | Found a hide-covered altar of Uskayaw.
  5374 | D:7      | Found a runed translucent gate.
  5374 | D:7      | Found a runed translucent gate.
  5374 | D:7      | Found a runed translucent gate.
  5392 | D:7      | Noticed prygans's ghost (novice MiFi)
  5402 | D:7      | Noticed a seven-headed hydra
  5442 | D:7      | HP: 1/62 [centaur/arrow (9)]
  5788 | D:7      | Reached skill level 7 in Unarmed Combat
  6031 | D:7      | Reached ** piety under Dithmenos
  6660 | D:4      | Killed WhatIsLove's ghost
  6720 | D:5      | Reached XP level 10. HP: 69/69 MP: 10/10
  6940 | D:8      | Found a radiant altar of Vehumet.
  7064 | D:8      | Found Qeic's Distillery.
  7588 | D:9      | Reached skill level 8 in Unarmed Combat
  7602 | D:9      | Noticed Grum
  7873 | D:9      | Found an opulent altar of Gozag.
  7874 | D:9      | Noticed a gargoyle
  7887 | D:9      | Killed a gargoyle
  8028 | D:9      | Slain by Grum

Illustrated notes

Levels and vault maps discovered:
D:1:      minmay_arrival_four_houses, layout_basic
D:2:      layout_basic, uniq_terence, uniq_jessica, uniq_sigmund
D:3:      layout_loops_cross, dreamdust_ecumenical_altar_hidden_monk_grotto,
          minmay_lizard_king
D:4:      layout_basic, mainiacjoe_overflow_divided_tiny,
          ebering_ghost_disaster_area, serial_shops,
          nicolae_shop_tiny_statue_garden
D:5:      layout_gridville, temple_fountains
D:6:      cheibrodos_quashed, layout_gridville, nicolae_uskayaw_suspiria,
          nicolae_take_the_stairs
D:7:      minmay_flawed_box, layout_cave_pools, gammafunk_ghost_split,
          kennysheep_cross_room, roderic_serpentine_path
D:8:      layout_loops_ring, vehumet_altar_wand_db, serial_shops, shop
D:9:      nicolae_cairo_tiling_large_dashed, layout_stronghold,
          mainiacjoe_overflow_cross_hatched, uniq_grum

Skill      XL: |  1  2  3  4  5  6  7  8  9 10 |
---------------+-------------------------------+-----
Fighting       | 2 3 4 5 6 7 |  7.7
Dodging        | 3 4 5 7 |  7.9
Unarmed Combat | 4 5 6 7 8 |  8.3
Shapeshifting  | 4 5 7 |  7.7

Action                     |  1- 3 |  4- 6 |  7- 9 | 10-12 || total
---------------------------+-------+-------+-------+-------++-------
  Melee: Unarmed           |     9 |       |       |       ||     9
         Tentacles         |     6 |    12 |    43 |     7 ||    68
         Constrict         |     7 |    16 |    41 |    11 ||    75
         Punch             |     1 |     1 |    10 |     5 ||    17
         Mace              |    26 |    58 |       |       ||    84
         Trident           |       |    31 |   203 |    78 ||   312
         Kick              |       |       |    33 |    21 ||    54
  Evoke: Wand              |       |       |     1 |     6 ||     7
    Use: Scroll            |       |       |    10 |       ||    10
         Potion            |       |       |     6 |       ||     6
   Stab: Sleeping          |     3 |    20 |    10 |     7 ||    40
         Distracted        |       |       |     2 |       ||     2
 Armour: Skin              |    11 |    28 |    94 |    28 ||   161
  Dodge: Dodged            |    25 |    47 |   137 |    52 ||   261

Table legend: (Time is in decaauts)
 A = Elapsed time spent in this place.
 B = Non-inter-level travel time spent in this place.
 C = Inter-level travel time spent in this place.
 D = Time resting spent in this place.
 E = Time spent auto-exploring this place.
 F = Levels seen in this place.
 G = Mean time per level.
                   A        B        C        D        E       F      G
               +--------+--------+--------+--------+--------+-----+--------+
         Total |   8155 |   7649 |    506 |    263 |   6059 |   9 |  906.1 |
       Dungeon |   8155 |   7649 |    506 |    263 |   6059 |   9 |  906.1 |
               +--------+--------+--------+--------+--------+-----+--------+

Top non-repeatable levels by time:
     D:6: 1166 daAuts
     D:7: 1138 daAuts
     D:2: 1090 daAuts
     D:5: 1081 daAuts
     D:4: 1042 daAuts
     D:3: 705 daAuts
     D:8: 686 daAuts
     D:1: 685 daAuts
     D:9: 557 daAuts
